 Dungeon Crawl Stone Soup version 0.30.0-29-ga12c61a403 (webtiles) character file.

Game seed: 5735643278845902334

1816 qw the Cleaver (level 9, -4/54 HPs)
             Began as a Gargoyle Fighter on June 6, 2023.
             Was a Priest of Okawaru.
             Slain by Psyche
             ... wielding a +1 dagger of chaos
              (8 damage)
             ... on level 8 of the Dungeon.
             The game lasted 00:02:35 (5316 turns).

qw the Cleaver (Gargoyle Fighter)                   Turns: 5316, Time: 00:02:36

Health: -4/54      AC:  0    Str: 23    XL:     9   Next: 10%
Magic:  11/12      EV: 19    Int: 10    God:    Okawaru [***...]
Gold:   416        SH:  0    Dex: 14    Spells: 8/8 levels left

rFire   . . .        Y - melded +2 war axe
rCold   . . .        c - melded +0 buckler
rNeg    + . .        r - melded +0 plate armour
rPois   inf          (helmet currently unavailable)
rElec   .            (cloak currently unavailable)
rCorr   .            m - melded +0 pair of gloves
SInv    .            q - melded +0 pair of boots
Will    .....        l - amulet of faith
Stlth   +++          (ring currently unavailable)
HPRegen 1.09/turn    (ring currently unavailable)
MPRegen 0.13/turn

%: faith
@: bat-form, heroic, grasped by roots, flying, constricted, very quick
A: fast, flying, no casting, sickness immunity, AC +6, tiny, negative energy
resistance 1, (electricity resistance), torment resistance 1, petrification
resistance, regeneration 1, MP-powered wands
a: Renounce Religion, Heroism


You were on level 8 of the Dungeon.
You worshipped Okawaru.
Okawaru was most pleased with you.
You were a bat.
You visited 1 branch of the dungeon, and saw 8 of its levels.
You also visited: Ossuary.

You collected 416 gold pieces.


Innate Abilities, Weirdness & Mutations

You are a bat.
You are tiny and dextrous.
You move quickly.
You are flying.
Your equipment is almost entirely melded.
You are incapable of wielding weapons or throwing items.
You cannot cast spells.
You are immune to sickness and miasma.
((Your stone body is resilient. (AC +6)))
You are immune to poison.
You resist negative energy. (rN+)
((You are resistant to electric shocks. (rElec)))
You are resistant to unholy torment.
You are immune to petrification.
Your natural rate of healing is unusually fast.
You expend magic power (3 MP) to strengthen your wands.


   Skills:
 + Level 5.5(10.5) Fighting
 - Level 8.2(13.2) Axes
 - Level 2.2(7.2) Throwing
 - Level 5.1(10.1) Armour
 - Level 1.0(6.0) Dodging
 - Level 3.2(8.2) Shields
 - Level 4.0 Invocations


You had 8 spell levels left.
You didn't know any spells.
Your spell library was empty.

Inventory:

Hand Weapons
 b - a +0 morningstar
 Y - a +2 war axe (melded)
Armour
 c - a +0 buckler (melded)
 m - a +0 pair of gloves (melded)
 n - a +0 kite shield
 q - a +0 pair of boots (melded)
 r - a +0 plate armour (melded)
Jewellery
 l - an amulet of faith (around neck)
Scrolls
 a - 5 scrolls of teleportation
 g - a scroll of identify
Potions
 d - 4 potions of might
 e - 3 potions of resistance
 f - 4 potions of heal wounds
 h - 2 potions of curing
 i - 2 potions of lignification
 j - a potion of attraction
 k - a potion of degeneration {unknown}
 o - a potion of magic {unknown}
 p - a potion of mutation

Dungeon Overview and Level Annotations

Branches:
Dungeon (7/15)             Temple (0/1) D:7         Ossuary (visited)

Altars:
Hepliaklqana
Okawaru
Qazlal
Sif Muna
Zin

Shops:
D:2 (

Portals:
Sewer: D:5

Annotations:
D:5 1 runed translucent door, qw's ghost, novice GrFi
D:8 Psyche


Message History

5307 ||| INVOKING Heroism.
You gain the combat prowess of a mighty hero.
Psyche casts a spell at you.
You turn into a bat.
Your +2 war axe melds into your body.
Your +0 pair of gloves melds into your body.
Your +0 pair of boots melds into your body.
Your +0 buckler melds into your body.
Your +0 plate armour melds into your body.
Psyche barely misses you.
You barely miss Psyche.
Psyche gestures wildly while chanting.
Psyche flickers and vanishes!
Deactivating autopickup; reactivate with Ctrl-A.
You hit something.
You hear a zap.
The roots erupt in riotous growth!
The grasping roots grab you!
You are constricted.
You hit something but do no damage.
You hear some strange, mumbled words.
You are constricted.
You hit something but do no damage. Something hits you.
You are confused.
You are constricted.
The grasping roots release their grip on you.
You hit something. Something hits you! Something burns you.
You barely miss something.
You feel less confused.
You hear a zap.
The roots erupt in riotous growth!
The grasping roots grab you!
You are constricted.
You hit something. Something hits you! Something freezes you.
You are constricted.
You hit something.
You hear some strange, mumbled words.
You are constricted!
Something hits you!
You die...

#.# #.# #.#
##.######
#.#.....#
##.####.# ### #.#
##########.######
.......b........#
######{##..####.#
#. #..# #. #..#
#. #..# .. #...
#. ##.## #. ..#


There were no monsters in sight!

Vanquished Creatures
  2 water moccasins
  A sky beast (D:7)
  A black bear (D:7)
  2 ice beasts
  An ogre (D:4)
  2 phantoms (D:6)
  2 bullfrogs (D:6)
  A gnoll sergeant (D:8)
  2 scorpions (D:5)
  A howler monkey (D:4)
  3 hounds
  An orc priest (D:4)
  A sleepcap (D:4)
  2 jellies
  4 orc wizards
  4 iguanas
  5 adders
  7 gnolls
  3 worms
  4 dart slugs
  16 orcs
  9 endoplasms
  2 giant cockroaches (D:2)
  8 goblins
  10 hobgoblins
  7 kobolds
  4 quokkas
  10 ball pythons
  5 bats
  2 frilled lizards
  5 hobgoblin zombies (Ossuary)
  3 kobold zombies (Ossuary)
  12 orc zombies (Ossuary)
  6 rats
148 creatures vanquished.

Notes
Turn   | Place    | Note
-------+----------+-------------------------------------------
     0 | D:1      | qw the Gargoyle Fighter began the quest for the Orb.
     0 | D:1      | Reached XP level 1. HP: 14/14 MP: 1/1
     0 | D:1      | 0 ||| qw: Version: 0.2-a-108-gee2c290
     0 | D:1      | 0 ||| qw: Game counter: 1517
     0 | D:1      | 0 ||| qw: Always use a shield: true
     0 | D:1      | 0 ||| qw: God list: Okawaru
     0 | D:1      | 0 ||| qw: Allow faded altars: false
     0 | D:1      | 0 ||| qw: Do Orc after D:15 true
     0 | D:1      | 0 ||| qw: Do second Lair branch before Depths: true
     0 | D:1      | 0 ||| qw: Lair rune preference: random
     0 | D:1      | 0 ||| qw: Plans: Normal, Zot:1-4, Slime:5, God:TSO, Crypt,
                  | Tomb, Abyss, Pan, Hells, Win
     0 | D:1      | 0 ||| PLANNING D:1-11
    32 | D:1      | Reached skill level 2 in Axes
    66 | D:1      | 66 ||| Stepping ~*~*~tactically~*~*~ (stealth).
    77 | D:1      | 77 ||| Stepping ~*~*~tactically~*~*~ (stealth).
    95 | D:1      | Reached XP level 2. HP: 19/19 MP: 2/2
   142 | D:1      | 142 ||| Stepping ~*~*~tactically~*~*~ (hiding).
   144 | D:1      | 144 ||| Stepping ~*~*~tactically~*~*~ (hiding).
   165 | D:1      | 165 ||| DROPPING +0 club.
   219 | D:1      | Reached skill level 3 in Axes
   223 | D:1      | Reached XP level 3. HP: 21/23 MP: 3/3
   720 | D:1      | 720 ||| DROPPING +3 leather armour.
   721 | D:1      | 721 ||| UPGRADING to +0 pair of gloves.
   726 | D:1      | 726 ||| READING 2 scrolls labelled BAZAIV ZELOR.
   730 | D:1      | 730 ||| READING scroll labelled BAQOVUCVORR.
   731 | D:1      | 731 ||| READING scroll labelled APEITIYCINA.
   732 | D:1      | 732 ||| READING scroll labelled MOTIUBB MEAD.
   733 | D:1      | 733 ||| DRINKING 3 amethyst potions.
   734 | D:1      | 734 ||| DRINKING 2 bubbling ruby potions.
   838 | D:1      | 838 ||| DROPPING 2 potions of invisibility.
   839 | D:1      | 839 ||| DROPPING potion of berserk rage.
   853 | D:2      | 853 ||| STAIRDANCE
   860 | D:1      | Reached skill level 1 in Throwing
   927 | D:2      | Found Biuskadgh's Weapon Boutique.
   944 | D:2      | 944 ||| SHOPLISTING +6 mace "Miyc" {protect, +Blink rF-
                  | rC+++ Dex+4} (1176 gold, have 48).
  1167 | D:2      | 1167 ||| Stepping ~*~*~tactically~*~*~ (stealth).
  1170 | D:2      | 1170 ||| Stepping ~*~*~tactically~*~*~ (stealth).
  1172 | D:2      | 1172 ||| Stepping ~*~*~tactically~*~*~ (stealth).
  1266 | D:2      | Reached XP level 4. HP: 28/28 MP: 4/4
  1427 | D:2      | 1427 ||| Stepping ~*~*~tactically~*~*~ (stealth).
  1428 | D:2      | 1428 ||| Stepping ~*~*~tactically~*~*~ (stealth).
  1699 | D:2      | 1699 ||| DRINKING 2 fuming cyan potions.
  1699 | D:2      | Gained mutation: You have hidden genetic potential. [potion
                  | of mutation]
  1699 | D:2      | Gained mutation: You are vulnerable to heat. (rF-) [potion
                  | of mutation]
  1700 | D:2      | 1700 ||| DRINKING potion of mutation.
  1700 | D:2      | Lost mutation: You are vulnerable to heat. (rF-) [potion of
                  | mutation]
  1700 | D:2      | Lost mutation: You have hidden genetic potential. [potion
                  | of mutation]
  1700 | D:2      | Gained mutation: Your natural rate of healing is unusually
                  | fast. [potion of mutation]
  1700 | D:2      | Gained mutation: You expend magic power (3 MP) to
                  | strengthen your wands. [potion of mutation]
  1768 | D:3      | 1768 ||| Stepping ~*~*~tactically~*~*~ (stealth).
  2013 | D:3      | Reached skill level 4 in Axes
  2014 | D:3      | 2014 ||| Stepping ~*~*~tactically~*~*~ (stealth).
  2026 | D:3      | Reached XP level 5. HP: 25/32 MP: 5/5
  2035 | D:3      | 2035 ||| DROPPING +0 whip of venom.
  2070 | D:3      | Found a hazy altar of Hepliaklqana.
  2078 | D:3      | 2078 ||| Stepping ~*~*~tactically~*~*~ (stealth).
  2079 | D:3      | 2079 ||| Stepping ~*~*~tactically~*~*~ (stealth).
  2082 | D:3      | 2082 ||| Stepping ~*~*~tactically~*~*~ (stealth).
  2083 | D:3      | 2083 ||| Stepping ~*~*~tactically~*~*~ (stealth).
  2084 | D:3      | 2084 ||| Stepping ~*~*~tactically~*~*~ (stealth).
  2115 | D:3      | Found an iron altar of Okawaru.
  2116 | D:3      | 2116 ||| PLANNING OKAWARU WORSHIP
  2116 | D:3      | 2116 ||| UPGRADING to +0 chain mail.
  2126 | D:3      | 2126 ||| DROPPING +0 scale mail.
  2127 | D:3      | 2127 ||| READING scroll labelled HUINNA ZASUOW.
  2128 | D:3      | 2128 ||| READING scroll labelled TAEPUH PEZXAXT.
  2129 | D:3      | 2129 ||| READING scroll labelled MIS CUYLUULL.
  2130 | D:3      | 2130 ||| READING scroll labelled CIZOCE DAOKEAN.
  2131 | D:3      | 2131 ||| DRINKING 4 bubbling purple potions.
  2132 | D:3      | 2132 ||| DRINKING 3 inky potions.
  2133 | D:3      | 2133 ||| READING 2 scrolls of identify.
  2133 | D:3      | 2133 ||| IDENTIFYING fuming silvery potion
  2141 | D:3      | Became a worshipper of Warmaster Okawaru
  2141 | D:3      | 2141 ||| PLANNING D:1-11
  2149 | D:3      | 2149 ||| DROPPING +2 flail of protection.
  2483 | D:4      | Noticed an ogre
  2488 | D:4      | Killed an ogre
  2489 | D:4      | Reached skill level 5 in Axes
  2489 | D:4      | Reached XP level 6. HP: 37/37 MP: 6/6
  2643 | D:4      | 2643 ||| Stepping ~*~*~tactically~*~*~ (stealth).
  2644 | D:4      | 2644 ||| Stepping ~*~*~tactically~*~*~ (stealth).
  2844 | D:4      | 2844 ||| Stepping ~*~*~tactically~*~*~ (stealth).
  2925 | D:4      | 2925 ||| Stepping ~*~*~tactically~*~*~ (hiding).
  2943 | D:4      | 2943 ||| Stepping ~*~*~tactically~*~*~ (stealth).
  2995 | D:4      | Found a shimmering blue altar of Sif Muna.
  3138 | D:4      | 3138 ||| UPGRADING to amulet of faith.
  3143 | D:4      | 3143 ||| READING scroll labelled PEXKUO SAOGH.
  3163 | D:5      | Entered Level 5 of the Dungeon
  3164 | D:5      | 3164 ||| PLANNING SEWER
  3195 | D:5      | Found a glowing drain.
  3289 | D:5      | Reached skill level 6 in Axes
  3314 | D:5      | Reached skill level 1 in Dodging
  3314 | D:5      | Reached XP level 7. HP: 43/43 MP: 7/7
  3352 | D:5      | Noticed qw's ghost (novice GrFi)
  3355 | D:5      | Found a runed translucent door.
  3372 | D:5      | Reached * piety under Okawaru
  3430 | D:5      | 3430 ||| INVOKING Heroism.
  3679 | D:5      | 3679 ||| Stepping ~*~*~tactically~*~*~ (stealth).
  3680 | D:5      | 3680 ||| Stepping ~*~*~tactically~*~*~ (stealth).
  3689 | D:5      | Reached skill level 1 in Invocations
  3798 | D:5      | 3798 ||| RIP SEWER
  3798 | D:5      | 3798 ||| PLANNING D:1-11
  3798 | D:5      | 3798 ||| READING 2 scrolls of identify.
  3798 | D:5      | 3798 ||| IDENTIFYING metallic grey potion
  3986 | D:6      | Reached skill level 7 in Axes
  4078 | D:6      | 4078 ||| INVOKING Heroism.
  4084 | D:6      | Reached XP level 8. HP: 48/48 MP: 7/10
  4107 | D:6      | 4107 ||| Stepping ~*~*~tactically~*~*~ (stealth).
  4112 | D:6      | 4112 ||| Stepping ~*~*~tactically~*~*~ (stealth).
  4113 | D:6      | 4113 ||| Stepping ~*~*~tactically~*~*~ (stealth).
  4122 | D:6      | Reached skill level 3 in Invocations
  4126 | D:6      | 4126 ||| Stepping ~*~*~tactically~*~*~ (stealth).
  4127 | D:6      | 4127 ||| Stepping ~*~*~tactically~*~*~ (stealth).
  4165 | D:6      | Reached ** piety under Okawaru
  4230 | D:6      | Found a glowing silver altar of Zin.
  4239 | D:6      | Found a stormy altar of Qazlal.
  4411 | D:6      | 4411 ||| Stepping ~*~*~tactically~*~*~ (stealth).
  4574 | D:6      | 4574 ||| INVOKING Heroism.
  4740 | D:6      | 4740 ||| UPGRADING to +0 plate armour.
  4750 | D:6      | 4750 ||| DROPPING +0 chain mail.
  4751 | D:6      | 4751 ||| READING 2 scrolls of identify.
  4751 | D:6      | 4751 ||| IDENTIFYING golden potion
  4757 | D:7      | 4757 ||| PLANNING OSSUARY
  4757 | D:7      | 4757 ||| INVOKING Heroism.
  4804 | D:7      | 4804 ||| READING scroll of enchant weapon.
  4804 | D:7      | 4804 ||| ENCHANTING +1 war axe.
  4831 | D:7      | Found a staircase to the Ecumenical Temple.
  4888 | D:7      | 4888 ||| Stepping ~*~*~tactically~*~*~ (stealth).
  4934 | D:7      | 4934 ||| Stepping ~*~*~tactically~*~*~ (stealth).
  4951 | D:7      | Reached skill level 8 in Axes
  4996 | D:7      | Found a sand-covered staircase.
  4997 | D:7      | 4997 ||| UPGRADING to +0 pair of boots.
  5007 | Ossuary  | Entered an ossuary
  5178 | D:7      | 5178 ||| PLANNING D:1-11
  5185 | D:7      | 5185 ||| Stepping ~*~*~tactically~*~*~ (stealth).
  5192 | D:7      | Reached *** piety under Okawaru
  5193 | D:7      | Reached XP level 9. HP: 54/54 MP: 12/12
  5205 | D:7      | You fall into a shaft and drop 1 floor!
  5207 | D:8      | 5207 ||| Stepping ~*~*~tactically~*~*~ (hiding).
  5227 | D:8      | 5227 ||| INVOKING Heroism.
  5303 | D:8      | Noticed Psyche
  5304 | D:8      | 5304 ||| Stepping ~*~*~tactically~*~*~ (hiding).
  5307 | D:8      | 5307 ||| INVOKING Heroism.
  5315 | D:8      | HP: 10/54 [something (5)]
  5316 | D:8      | HP: 4/54 [something (7)]
  5316 | D:8      | Slain by Psyche

Levels and vault maps discovered:
D:1:      dpeg_arrival_circle_labyrinth_c, layout_rooms
D:2:      layout_loops_cross, serial_shops, nicolae_shop_tiny_glass,
          chequers_big_river
D:3:      layout_loops_cross, grunt_temple_overflow_open, hex_large
D:4:      layout_loops_ring, mainiacjoe_overflow_alcove_4,
          kennysheep_another_room, ebering_dispersal_statue_hall
D:5:      layout_basic, gup_sewer_entry_glass, hellmonk_ghost_happy_afterlife
D:6:      layout_basic, minitemple, chequers_serial_rivers_large_a,
          corexii_shack, nicolae_figureground_sparkle, uniq_blork_the_orc
D:7:      nzn_winding_woodlands_medium [nzn_winding_woodlands_5x5_default,
          nzn_winding_woodlands_5x15_pathside_ponds,
          nzn_winding_woodlands_5x5_default, nzn_winding_woodlands_5x5_three,
          nzn_winding_woodlands_center_diamonds,
          nzn_winding_woodlands_hourglass, nzn_winding_woodlands_5x5_default,
          nzn_winding_woodlands_5x15_garden, nzn_winding_woodlands_5x5_cross],
          layout_cave_pools, minmay_temple_entry_hall,
          nicolae_ossuary_entry_plus
D:8:      layout_loops_ring, lemuel_crystal_altar, special_room
          [special_room_orc], nicolae_island_escapes, uniq_psyche,
          uniq_prince_ribbit1

Skill      XL: |  1  2  3  4  5  6  7  8 |
---------------+-------------------------+-----
Axes           | 2 3 4 5 6 7 8 |  8.2
Throwing       | 1 2 |  2.2
Fighting       | 4 5 |  5.5
Dodging        | 1 |  1.0
Invocations    | 2 4 |  4.0
Armour         | 5 |  5.1
Shields        | |  3.2

Action                     |  1- 3 |  4- 6 |  7- 9 || total
---------------------------+-------+-------+-------++-------
  Melee: War axe           |    80 |   127 |   163 ||   370
         Unarmed           |       |       |     8 ||     8
  Throw: Javelin           |    33 |    40 |    26 ||    99
 Invoke: Heroism           |       |       |     6 ||     6
    Use: Scroll            |     4 |     6 |     3 ||    13
         Potion            |     2 |     4 |       ||     6
 Armour: Scale mail        |    48 |    24 |       ||    72
         Chain mail        |       |    41 |    41 ||    82
         Plate armour      |       |       |    51 ||    51
  Dodge: Dodged            |    33 |    49 |    59 ||   141
  Block: Buckler           |    16 |    22 |    19 ||    57

Table legend:
 A = Non-vault XP
 B = Vault XP
 C = Vault XP percentage of total XP
 D = Non-vault monster count
 E = Vault monster count
 F = Vault count percentage of total count
                 A         B        C        D         E       F
            +---------+---------+-------+---------+---------+-------
      Total |    2574 |      21 |   0.8 |     127 |      21 |  14.2
            +---------+---------+-------+---------+---------+-------
        D:1 |      59 |       0 |   0.0 |      25 |       0 |   0.0
        D:2 |      54 |       0 |   0.0 |      17 |       0 |   0.0
        D:3 |      71 |       0 |   0.0 |      17 |       0 |   0.0
        D:4 |     384 |       0 |   0.0 |      28 |       0 |   0.0
        D:5 |     360 |       0 |   0.0 |       9 |       0 |   0.0
        D:6 |     876 |       1 |   0.1 |      14 |       1 |   6.7
        D:7 |     640 |       0 |   0.0 |      13 |       0 |   0.0
        D:8 |     130 |       0 |   0.0 |       4 |       0 |   0.0
    Ossuary |       0 |      20 | 100.0 |       0 |      20 | 100.0
            +---------+---------+-------+---------+---------+-------
